Map: Acid Plant LE

Players

Bioice

  • Race: Zerg Zerg
  • Spawn Location: 11:00

Namshar - Winner!

  • Race: Zerg Zerg
  • Spawn Location: 5:00

Event: WCS Montreal 2018

VOD

Have the link to the VOD?

Description

Time

  • Played on: Sept. 7, 2018, 1:10 p.m.
  • Length: 14:00

All games in this series

Show
View Real Time Build Order
Export as new Build Order

Bioice Zerg 

Build Orders: Hatch First, Zergling Baneling 

Get SALT Encoding   

  12  0:01  Drone  
  13  0:12  Overlord  
  13  0:17  Drone  
  14  0:31  Drone x2  
  16  0:48  Hatchery  
  15  0:52  Drone  
  15  0:56  Drone  
  17  0:59  Drone  
  18  1:07  Extractor  
  17  1:14  Spawning Pool  
  17  1:17  Drone  
  17  1:22  Drone  
  18  1:32  Drone  
  19  1:40  Drone  
  20  1:49  Overlord  
  20  2:01  Queen x2  
  22  2:02  Zergling x4  
  26  2:09  Metabolic Boost  
  26  2:15  Drone x2  
  28  2:24  Drone  
  28  2:25  Drone  
  30  2:37  Hatchery  
  30  2:38  Drone  
  30  2:43  Overlord  
  30  2:49  Zergling x4  
  32  2:54  Overlord  
  32  2:59  Baneling Nest  
  31  3:10  Drone  
  31  3:11  Drone x2  
  31  3:12  Drone  
  35  3:13  Drone x2  
  37  3:25  Zergling x4  
  37  3:26  Zergling x4  
  41  3:32  Zergling x2  
  41  3:33  Zergling x2  
  43  3:44  Baneling x4  
  43  3:47  Zergling x10  
  47  3:51  Zergling x4  
  49  3:55  Baneling x2  
  49  3:57  Zergling x2  
  49  4:00  Zergling x2  
  51  4:03  Zergling x2  
  51  4:09  Baneling x2  
  49  4:28  Zergling x2  
  48  4:32  Baneling, Zergling x2  
  48  4:33  Zergling x12  
  46  4:48  Zergling x2  
  46  4:50  Zergling x2  
  46  4:55  Zergling x2  
  46  4:56  Zergling x2  
  46  4:59  Queen  
  46  5:01  Zergling x6  
  46  5:05  Zergling x4  
  53  5:11  Zergling x2  
  50  5:18  Zergling x6  
  48  5:21  Baneling x2  
  48  5:22  Baneling x3  
  48  5:29  Zergling x12  
  48  5:34  Extractor, Roach Warren  
  52  5:37  Drone  
  52  5:38  Drone  
  52  5:40  Drone  
  54  5:44  Drone  
  54  5:46  Drone  
  54  5:47  Drone  
  54  5:48  Drone  
  56  5:52  Drone  
  56  5:53  Overlord x2  
  50  6:13  Drone x4  
  50  6:15  Zergling x12  
  57  6:20  Zergling x6  
  55  6:33  Drone  
  55  6:34  Drone x2, Baneling  
  55  6:35  Baneling x2  
  55  6:39  Drone  
  59  6:44  Drone  
  59  6:45  Drone  
  55  7:03  Zergling x2  
  55  7:06  Zergling x2  
  53  7:09  Zergling x2  
  53  7:10  Zergling x2  
  53  7:11  Spine Crawler  
  53  7:13  Zergling x12  
  53  7:14  Zergling x4  
  57  7:17  Zergling x2  
  57  7:21  Zergling x6  
  57  7:22  Zergling x4  
  61  7:29  Roach x3  
  65  7:35  Extractor  
  64  7:37  Baneling  
  64  7:38  Baneling x6  
  64  7:44  Roach  
  66  7:45  Overlord  
  66  7:53  Hatchery  
  65  8:01  Roach x2  
  65  8:03  Overlord x2  
  67  8:09  Overlord x2  
  67  8:10  Roach x3  
  73  8:15  Baneling x2  
  69  8:22  Roach x2  
  69  8:24  Roach x2  
  69  8:25  Roach x4  
  85  8:36  Roach x2  
  88  8:46  Roach x2  
  90  8:50  Drone x2  
  90  8:51  Lair  
  90  8:53  Evolution Chamber  
  91  9:04  Roach x4  
  91  9:08  Ravager  
  98  9:11  Roach  
  100  9:19  Roach x3  
  100  9:26  Drone x3  
  100  9:30  Drone  
  100  9:31  Drone  
  104  9:32  Zerg Missile Weapons Level 1  
  104  9:34  Drone  
  105  9:39  Overlord  
  105  9:53  Extractor, Overlord  
  105  9:57  Drone, Queen  
  105  9:58  Drone x4  
  111  10:05  Drone x2  
  113  10:14  Overlord x2  
  113  10:15  Drone x2  
  113  10:18  Roach x3  
  121  10:21  Glial Reconstitution  
  121  10:27  Overlord  
  121  10:34  Roach  
  122  10:38  Ravager x5  
  122  10:42  Overlord  
  127  10:49  Roach  
  132  10:50  Roach x4  
  132  10:52  Drone  
  132  10:54  Overlord x2  
  137  10:58  Hatchery  
  136  11:05  Roach x3  
  136  11:10  Roach  
  144  11:16  Overlord x2  
  144  11:19  Roach x4  
  152  11:27  Roach x3  
  152  11:30  Zerg Missile Weapons Level 2  
  158  11:35  Overlord x2  
  158  11:39  Roach x2  
  160  11:49  Roach x3  
  160  11:50  Roach x2  
  168  11:57  Roach  
  168  11:59  Roach x2  
  174  12:01  Roach x2  
  174  12:02  Roach  
  180  12:09  Roach x3  
  157  12:24  Roach  
  157  12:26  Roach x4  
  157  12:27  Roach  
  149  12:30  Roach x2  
  149  12:34  Roach  
  149  12:36  Roach x3  
  149  12:37  Roach x2  
  161  12:41  Roach x2  
  165  12:48  Roach x3  
  171  12:53  Roach x3  
  177  12:59  Roach  
  179  13:09  Roach x6  
  179  13:12  Roach  
  190  13:20  Roach  
  190  13:21  Roach x3  
  176  13:33  Roach  
  154  13:34  Roach x4  
  154  13:41  Roach x4  
Show
View Real Time Build Order
Export as new Build Order

Namshar Zerg - Winner!

Build Orders: Hatch First, Zergling Baneling 

Get SALT Encoding   

  12  0:01  Drone  
  13  0:12  Overlord  
  13  0:17  Drone  
  14  0:30  Drone x2  
  16  0:47  Hatchery  
  15  0:51  Drone  
  15  0:54  Drone  
  17  0:57  Drone  
  18  1:08  Extractor  
  17  1:13  Spawning Pool  
  17  1:16  Drone  
  17  1:19  Drone  
  18  1:27  Drone  
  19  1:38  Drone  
  20  1:49  Drone  
  21  1:59  Drone  
  21  2:00  Queen x2  
  21  2:01  Overlord  
  26  2:08  Metabolic Boost  
  26  2:10  Zergling x2  
  26  2:11  Drone  
  28  2:21  Drone  
  29  2:24  Drone  
  30  2:31  Zergling x2  
  30  2:33  Zergling x2  
  32  2:37  Hatchery  
  31  2:47  Baneling Nest  
  31  2:49  Overlord  
  30  2:51  Drone  
  30  2:54  Drone x2  
  33  3:03  Queen  
  35  3:10  Overlord  
  35  3:11  Drone  
  35  3:12  Drone  
  37  3:13  Zergling x2  
  37  3:20  Zergling x6  
  37  3:24  Zergling x4  
  42  3:31  Baneling x2  
  42  3:32  Baneling x2  
  42  3:37  Zergling x2  
  43  3:45  Drone  
  43  3:46  Drone x6  
  50  3:54  Drone x4  
  54  4:03  Overlord  
  54  4:08  Evolution Chamber  
  53  4:10  Zergling x6  
  54  4:17  Zergling x6  
  44  4:35  Baneling  
  44  4:36  Baneling x3  
  41  4:39  Zergling x2  
  41  4:40  Zergling x16  
  47  4:45  Zergling x2  
  47  4:47  Zergling x2  
  45  4:55  Drone x2  
  45  4:59  Queen x2  
  49  5:00  Baneling  
  46  5:20  Baneling, Queen  
  46  5:22  Drone x4  
  46  5:24  Drone x2  
  52  5:28  Zergling x4  
  52  5:29  Zergling x4  
  52  5:34  Queen  
  58  5:41  Zergling x12  
  63  5:47  Queen  
  63  5:56  Queen  
  64  5:57  Baneling x2  
  64  6:08  Drone x6  
  62  6:12  Baneling x2  
  62  6:17  Drone x6  
  66  6:24  Extractor  
  64  6:27  Roach Warren  
  64  6:28  Drone x2  
  64  6:30  Overlord x2  
  65  6:49  Drone  
  65  6:50  Drone x7  
  73  6:57  Zergling x14  
  75  7:03  Zergling x2  
  74  7:10  Queen  
  74  7:13  Zergling x2  
  74  7:14  Zergling x8  
  67  7:23  Drone x2  
  67  7:24  Baneling x2  
  67  7:25  Baneling x2  
  67  7:31  Roach x3  
  67  7:35  Baneling x2  
  73  7:40  Extractor  
  73  7:41  Roach x3  
  78  7:46  Queen, Roach  
  82  7:55  Overlord x2  
  78  8:06  Roach  
  78  8:07  Overlord x2, Roach  
  82  8:16  Roach x5  
  90  8:22  Zergling x2, Roach x2  
  90  8:26  Baneling  
  95  8:27  Baneling  
  92  8:43  Roach x5  
  99  8:53  Drone x6  
  105  8:56  Extractor  
  105  9:01  Zerg Missile Weapons Level 1  
  104  9:06  Overlord  
  104  9:07  Overlord  
  104  9:09  Extractor, Drone x3  
  103  9:10  Lair  
  103  9:12  Drone x2  
  103  9:17  Roach x3  
  110  9:25  Drone x4  
  110  9:29  Drone  
  110  9:30  Extractor  
  114  9:31  Drone x2  
  114  9:32  Drone x3  
  114  9:37  Pneumatized Carapace  
  119  9:40  Drone x3  
  119  9:43  Roach  
  119  9:44  Roach x3  
  130  9:46  Overlord  
  130  9:47  Overlord  
  130  9:55  Overlord  
  130  9:59  Hatchery  
  129  10:03  Evolution Chamber  
  128  10:08  Overlord x2  
  128  10:09  Glial Reconstitution  
  128  10:15  Ravager x4  
  132  10:22  Roach  
  132  10:23  Roach x6  
  132  10:24  Overseer  
  146  10:31  Overlord x2  
  146  10:33  Zerg Ground Armor Level 1  
  145  10:45  Overlord  
  145  10:46  Overlord  
  145  10:51  Roach x8  
  160  10:59  Spire  
  159  11:07  Roach x5  
  169  11:15  Extractor  
  168  11:19  Roach x6  
  168  11:20  Extractor  
  168  11:24  Zerg Missile Weapons Level 2  
  179  11:30  Drone  
  179  11:31  Drone x5  
  185  11:34  Drone x2  
  185  11:38  Ravager x2  
  185  11:39  Roach x2  
  189  11:52  Roach x2  
  189  11:53  Roach x3  
  185  12:05  Roach x7  
  191  12:18  Roach  
  191  12:19  Roach x7  
  179  12:26  Roach x6  
  171  12:31  Mutalisk  
  171  12:32  Mutalisk  
  171  12:40  Ravager  
  171  12:42  Mutalisk x3, Ravager  
  179  12:47  Mutalisk x2  
  179  12:49  Overlord  
  183  13:01  Roach x4  
  191  13:10  Mutalisk x2  
  195  13:14  Roach x2  
  191  13:30  Roach x5  
  191  13:31  Roach x4  
  174  13:58  Hatchery  
Tags
 
Add a new tag
Caveats
  • Supply blocks, unpowered buildings, or Contaminate may cause inaccurate times.
  • Supply counts are checked every 10 seconds.